 Dungeon Crawl Stone Soup version 0.25-a0-766-g0ecfff5982 (webtiles) character file.

Game seed: 14570319657731710206, levelgen mode: deterministic

730 Caerthir the Chopper (level 7, 0/60 HPs)
             Began as a Minotaur Fighter on Apr 13, 2020.
             Was a Follower of Okawaru.
             Slain by an orc
             ... wielding a +0 hand axe of electrocution
              (18 damage)
             ... on level 4 of the Dungeon.
             The game lasted 00:06:20 (3193 turns).

Caerthir the Chopper (Minotaur Fighter)             Turns: 3193, Time: 00:06:20

Health: 0/60       AC: 10    Str: 28    XL:     7   Next: 44%
Magic:  6/6        EV:  9    Int:  5    God:    Okawaru [*.....]
Gold:   172        SH: 11    Dex: 11    Spells: 6/6 levels left

rFire    . . .     SeeInvis .   a - +0 war axe
rCold    . . .     Gourm    .   c - +0 kite shield
rNeg     . . .     Faith    .   b - +0 scale mail
rPois    .         Spirit   .   (helmet restricted)
rElec    .         Reflect  .   p - +0 cloak
rCorr    .         Harm     .   (no gloves)
MR       .....                  q - +0 pair of boots
Stlth    ..........             (no amulet)
HPRegen  0.20/turn              e - +3 ring of strength
MPRegen  0.10/turn              l - +4 ring of strength

@: no status effects
A: retaliatory headbutt, horns 2
a: Heroism, Renounce Religion


You were on level 4 of the Dungeon.
You worshipped Okawaru.
Okawaru was aware of your devotion.
You were not hungry.

You visited 2 branches of the dungeon, and saw 5 of its levels.

You collected 172 gold pieces.

Inventory:

Hand Weapons
 a - a +0 war axe (weapon)
Armour
 b - a +0 scale mail (worn)
 c - a +0 kite shield (worn)
 p - a +0 cloak (worn)
 q - a +0 pair of boots (worn)
Jewellery
 e - a +3 ring of strength (left hand)
 l - a +4 ring of strength (right hand)
 m - a cursed ring of teleportation {unknown}
 s - a +6 ring of strength
 v - a cursed ring of attention {unknown}
Scrolls
 g - a scroll of magic mapping {unknown}
 h - a scroll of immolation {unknown}
 k - 2 scrolls of identify {unknown}
 n - a scroll of remove curse {unknown}
 o - 2 scrolls of random uselessness {unknown}
 t - a scroll of blinking {unknown}
 u - a scroll of enchant weapon {unknown}
Potions
 d - 2 potions of might
 i - 2 potions of stabbing {unknown}
 j - a potion of flight {unknown}
 r - 2 potions of curing {unknown}
Comestibles
 f - 8 rations


   Skills:
 + Level 4.8 Fighting
 + Level 6.2 Axes
 + Level 5.6 Armour
 + Level 2.2 Dodging
 + Level 0.8 Stealth
 + Level 6.1 Shields


You had 6 spell levels left.
You didn't know any spells.
Your spell library was empty.

Dungeon Overview and Level Annotations

Branches:
Dungeon (4/15)             Temple (1/1) D:4

Altars:
Ashenzari
Dithmenos
Elyvilon
Fedhas
Hepliaklqana
Kikubaaqudgha
Makhleb
Nemelex Xobeh
Okawaru
Qazlal
Ru
Sif Muna
Trog
Uskayaw
Vehumet


Innate Abilities, Weirdness & Mutations

You reflexively headbutt those who attack you in melee.
You have a pair of horns on your head.


Message History

The orc is almost dead.
The orc priest calls down the wrath of Beogh upon you.
Beogh smites you!
* * * LOW HITPOINT WARNING * * *
You hit the orc.
The orc is almost dead.
You slash the orc!
You kill the orc!
Okawaru accepts your kill.
The orc priest calls upon Beogh to heal the orc.
The orc's wounds heal themselves!
You block the orc's attack.
The orc wizard casts a spell.
The orc wizard flickers and vanishes!
Deactivating autopickup; reactivate with Ctrl-A.
You barely miss the orc. The orc hits you but does no damage.
You closely miss the orc.
The orc hits you with a +0 hand axe of electrocution.
* * * LOW HITPOINT WARNING * * *
You are electrocuted!!
You die...

#.. ## #.. ..## #...
....# ##.. .....#
##.... .....####
.....o###.....).#
##.o..).........
......#o........
......#@.....#.
............## .
.............#..##
.#................
#....[.....#....##
#.......p..##...## .#.
#..........####... ...
#####.##........## ...
###..#..#......####...


You could see an orc priest, an orc and a neutral freed slave (wandering).

Vanquished Creatures
  Pikel (D:4)
  A slave (D:4)
  A bullfrog skeleton (D:4)
  An orc priest (D:3)
  An orc wizard (D:3)
  4 gnolls
  3 adders
  3 oozes
  An adder skeleton (D:4)
  2 dart slugs
  4 leopard geckos
  5 orcs
  3 ball pythons
  9 bats
  3 giant cockroaches
  9 goblins
  10 hobgoblins
  7 jackals (D:2)
  A quokka (D:3)
  3 frilled lizards (D:2)
  11 kobolds
  7 rats
90 creatures vanquished.

Vanquished Creatures (others)
  A worker ant (D:4)
1 creature vanquished.

Grand Total: 91 creatures vanquished

Notes
Turn   | Place    | Note
-------+----------+-------------------------------------------
     0 | D:1      | Caerthir the Minotaur Fighter began the quest for the Orb.
     0 | D:1      | Reached XP level 1. HP: 19/19 MP: 0/0
    28 | D:1      | Reached XP level 2. HP: 26/27 MP: 1/1
   698 | D:1      | Reached XP level 3. HP: 23/33 MP: 2/2
  1087 | D:2      | Reached XP level 4. HP: 27/40 MP: 3/3
  1216 | D:2      | Found a faded altar of an unknown god.
  1447 | D:2      | Reached skill level 1 in Dodging
  1626 | D:2      | Reached skill level 5 in Shields
  1683 | D:2      | Found an ancient bone altar of Kikubaaqudgha.
  1685 | D:2      | Found a white marble altar of Elyvilon.
  2091 | D:3      | Reached XP level 5. HP: 46/46 MP: 4/4
  2534 | D:4      | Found a staircase to the Ecumenical Temple.
  2544 | Temple   | Entered the Ecumenical Temple
  3002 | D:4      | Found an iron altar of Okawaru.
  3007 | D:4      | Became a worshipper of Warmaster Okawaru
  3011 | D:4      | Noticed a slave
  3011 | D:4      | Noticed Pikel
  3011 | D:4      | Noticed a slave
  3012 | D:4      | Noticed a slave
  3012 | D:4      | Noticed a slave
  3019 | D:4      | Killed a slave
  3030 | D:4      | Killed Pikel
  3030 | D:4      | Reached * piety under Okawaru
  3030 | D:4      | Reached skill level 5 in Armour
  3030 | D:4      | Reached XP level 6. HP: 17/53 MP: 5/5
  3030 | D:4      | Reached XP level 7. HP: 20/60 MP: 6/6
  3193 | D:4      | Slain by an orc

Levels and vault maps discovered:
D:1:      tarquinn_simple_flora_water_c, layout_loops_ring
D:2:      layout_basic, minitemple, chequers_ecumenical_altar_simple,
          first_ration
D:3:      layout_loops_ring
D:4:      layout_cave_pools, lemuel_doored_altar, minmay_temple_entry_wispy,
          minmay_misc_feat_roman, uniq_pikel
Temple:   hc_temple_tempest_star

Skill      XL: |  1  2  3  4  5 |
---------------+----------------+-----
Shields        | 4 5 6 |  6.1
Fighting       | 4 |  4.8
Armour         | 4 5 |  5.6
Axes           | 3 6 |  6.2
Dodging        | 1 2 |  2.2
Stealth        | |  0.8

Action                   |  1- 3 |  4- 6 |  7- 9 || total
-------------------------+-------+-------+-------++-------
Melee: War axe           |    45 |   122 |    16 ||   183
       Headbutt          |     7 |    23 |     1 ||    31
  Eat: Chunk             |       |     5 |       ||     5
       Ration            |       |     1 |       ||     1
Armor: Scale mail        |    21 |    51 |     3 ||    75
Dodge: Dodged            |    17 |    46 |     4 ||    67
Block: Kite shield       |    30 |    79 |     7 ||   116

Table legend:
 A = Non-vault XP
 B = Vault XP
 C = Vault XP percentage of total XP
 D = Non-vault monster count
 E = Vault monster count
 F = Vault count percentage of total count
                 A         B        C        D         E       F
            +---------+---------+-------+---------+---------+-------
      Total |     402 |     641 |  61.5 |      89 |       1 |   1.1
            +---------+---------+-------+---------+---------+-------
        D:1 |      51 |       0 |   0.0 |      19 |       0 |   0.0
        D:2 |     123 |       0 |   0.0 |      35 |       0 |   0.0
        D:3 |     137 |       0 |   0.0 |      29 |       0 |   0.0
        D:4 |      91 |     641 |  87.6 |       6 |       1 |  14.3
            +---------+---------+-------+---------+---------+-------
